 Seeded DCSS version 0.29-a0-23-ga79f92ac9c (webtiles) character file.

Game seed: 10000000000011 (custom seed)

378 knot the Chopper (level 6, -1/70 HPs)
             Began as a Demonspawn Berserker on Jan 31, 2022.
             Was a Believer of Trog.
             Slain by an unseen horror (2 damage)
             ... on level 5 of the Dungeon.
             The game lasted 00:04:53 (4567 turns).

knot the Chopper (Demonspawn Berserker)             Turns: 4567, Time: 00:04:54

Health: -1/70      AC: 23    Str: 17    XL:     6   Next: 45%
Magic:  6/6        EV:  2    Int: 10    God:    Trog [**....]
Gold:   184        SH:  5    Dex: 13    Spells: 5/5 levels left

rFire   . . .      SeeInvis .   s - +0 war axe
rCold   . . .      Faith    .   (no shield)
rNeg    . . .      Spirit   .   (armour currently unavailable)
rPois   +          Reflect  +   (helmet currently unavailable)
rElec   .          Harm     .   (cloak currently unavailable)
rCorr   .          Rampage  .   (gloves currently unavailable)
Will    .....      NoTele   +   (boots currently unavailable)
Stlth   +.........              d - amulet of reflection
HPRegen 0.21/turn               (no ring)
MPRegen 0.20/turn               (no ring)

@: mighty, tree-form
A: stationary, stasis, torment immunity, boosted hp, magic regeneration,
(demonic touch 2)
a: Renounce Religion, Berserk, Trog's Hand


You were on level 5 of the Dungeon.
You worshipped Trog.
Trog was pleased with you.
You were a tree.
You visited 2 branches of the dungeon, and saw 6 of its levels.

You collected 184 gold pieces.

Inventory:

Hand Weapons
 s - a +0 war axe (weapon)
Missiles
 f - 105 stones
 p - 4 boomerangs
 r - a poisoned dart (quivered)
Armour
 h - a +0 ring mail (melded)
Jewellery
 d - an amulet of reflection (around neck)
Wands
 i - a wand of charming (7)
 q - a wand of flame (22)
Scrolls
 c - a scroll of amnesia {unknown}
 k - 2 scrolls of identify {unknown}
 m - 2 scrolls of blinking {unknown}
 n - a scroll of fog {unknown}


   Skills:
 - Level 3.0 Fighting
 * Level 5.5 Axes
 * Level 3.4 Throwing
 - Level 1.7 Armour
 - Level 1.7 Dodging


You had 5 spell levels left.
You didn't know any spells.
Your spell library contained the following spells:

 Spells                   Type           Power      Damage    Failure   Level
 Corpse Rot               Necr/Air       0%         N/A       50%         2
 Ensorcelled Hibernation  Hex/Ice        0%         N/A       50%         2
 Passwall                 Tmut/Erth      0%         N/A       50%         2
 Poisonous Vapours        Pois/Air       0%         N/A       50%         2
 Swiftness                Air            0%         N/A       75%         3


Dungeon Overview and Level Annotations

Branches:
Dungeon (5/15)             Temple (1/1) D:4

Altars:
Ashenzari
Qazlal
Yredelemnul

Shops:
D:3 [


Innate Abilities, Weirdness & Mutations

You are a tree.
Your roots penetrate the ground, keeping you stationary.
You cannot be teleported.
You are immune to unholy pain and torment.
Your maximum health is greatly increased.
Your equipment is partially melded.
You regenerate magic rapidly.
((Your touch may inflict irresistible damage on your foes.))


Message History

Something hits you. Something hits you but does no damage.
Aiming: Throw Flame
Press: ? - help, Shift-Dir - straight line Something hits you!
* * * LOW HITPOINT WARNING * * *
Aiming: Throw Flame
Press: ? - help, Shift-Dir - straight line Something hits you.
* * * LOW HITPOINT WARNING * * *
You cannot move.
Aiming: Throw Flame
Press: ? - help, Shift-Dir - straight line Something hits you.
* * * LOW HITPOINT WARNING * * *
Something hits you but does no damage.
You cannot move.
You cannot move.
You slash something! Something hits you.
* * * LOW HITPOINT WARNING * * *
You slash something!
Something hits you but does no damage. x2
You closely miss something. Something hits you but does no damage.
Something hits you.
* * * LOW HITPOINT WARNING * * *
You closely miss something. Something hits you but does no damage.
Something hits you.
* * * LOW HITPOINT WARNING * * *
You miss something. Something hits you but does no damage.
You swing at nothing.
Something hits you but does no damage.
You swing at nothing.
Something hits you but does no damage.
You swing at nothing.
Something hits you.
* * * LOW HITPOINT WARNING * * *
You slash something! Something hits you but does no damage.
You slash something! Something hits you.
* * * LOW HITPOINT WARNING * * *
Something hits you but does no damage.
You closely miss something. Something hits you but does no damage.
You swing at nothing.
Something hits you.
* * * LOW HITPOINT WARNING * * *
You miss something. Something hits you but does no damage. Something hits you.
You die...

#..#...#.##.......###.......
#..##..#<##.......# ####.###
#........#####.#### #.#
#........# #.# ### #.#
##.##.##.#####.####.## #.#
#.##................# #.#
#.#####.####.#......# #.#
#.....).##.....###..###>###
##########♣###.##..........
#.# #......###....
#.###.............
#.....####..##....
###.....(...##....
#...#####.##.##. #...#
#.##.# . #...# #.##.# .
#...# #.##.#


There were no monsters in sight!

Vanquished Creatures
  An ogre (D:3)
  A scorpion (Temple)
  An orc priest (D:4)
  A centaur skeleton (D:4)
  Ijyb (D:4)
  A scorpion zombie (D:5)
  A river rat (D:4)
  5 adders
  2 orcs (D:4)
  6 endoplasms
  2 giant cockroaches
  5 goblins
  5 hobgoblins
  14 jackals
  2 quokkas (D:4)
  4 ball pythons
  7 bats
  5 frilled lizards
  3 kobolds
  5 rats
72 creatures vanquished.

Notes
Turn   | Place    | Note
-------+----------+-------------------------------------------
     0 | D:1      | knot the Demonspawn Berserker began the quest for the Orb.
     0 | D:1      | Reached XP level 1. HP: 18/18 MP: 1/1
   152 | D:1      | Reached skill level 3 in Axes
   393 | D:1      | Gained mutation: You regenerate magic rapidly. [demonic
                  | ancestry]
   393 | D:1      | Reached XP level 2. HP: 24/24 MP: 2/2
  1465 | D:2      | Gained mutation: Your touch may inflict minor irresistible
                  | damage on your foes. [demonic ancestry]
  1465 | D:2      | Reached XP level 3. HP: 29/29 MP: 3/3
  1589 | D:2      | Reached skill level 4 in Axes
  1653 | D:2      | Reached ** piety under Trog
  2214 | D:2      | Reached skill level 1 in Throwing
  2214 | D:2      | Reached XP level 4. HP: 35/35 MP: 4/4
  2534 | D:3      | Noticed an ogre
  2542 | D:3      | Killed an ogre
  2543 | D:3      | Reached XP level 5. HP: 41/41 MP: 5/5
  2614 | D:3      | Found Daocsar's Antique Armour Emporium.
  2980 | D:4      | Reached skill level 5 in Axes
  3157 | D:4      | Found a staircase to the Ecumenical Temple.
  3194 | D:4      | Noticed Duvessa
  3194 | D:4      | Noticed Dowan
  3204 | D:4      | Noticed Dowan
  3204 | D:4      | Dowan changed into Dowan the quokka
  3231 | Temple   | Entered the Ecumenical Temple
  3401 | Temple   | Gained mutation: Your touch may inflict irresistible damage
                  | on your foes. [demonic ancestry]
  3401 | Temple   | Reached XP level 6. HP: 13/47 MP: 6/6
  3409 | Temple   | HP: 2/47 [poisoned by an adder]
  3699 | D:4      | Noticed Duvessa
  3699 | D:4      | Duvessa changed into Duvessa the river rat
  3701 | D:4      | Killed Dowan the quokka
  3702 | D:4      | Killed Duvessa the river rat
  3760 | D:4      | Noticed Ijyb
  3820 | D:4      | Killed Ijyb
  4450 | D:5      | Entered Level 5 of the Dungeon
  4544 | D:5      | HP: 1/47 [something (4)]
  4566 | D:5      | HP: 1/70 [something (3)]
  4567 | D:5      | Slain by an unseen horror

Illustrated notes

Levels and vault maps discovered:
D:1:      lordsloth_arrival_two_stooges, layout_basic, grunt_decor_fettered,
          minmay_misc_feat_diagonals, nicolae_concentric_dashed_squares_wild
D:2:      layout_rooms, hangedman_decor_clover_reticule
D:3:      layout_basic, serial_shops, shop, kennysheep_path_1
D:4:      layout_rooms, temple_doors_e, uniq_duvessa, uniq_ijyb
D:5:      layout_loops_cross, nicolae_uskayaw_suspiria, item_on_display_a
Temple:   dshaligram_water_room_temple

Skill      XL: |  1  2  3  4  5 |
---------------+----------------+-----
Axes           | 3 4 5 |  5.5
Throwing       | 1 2 3 |  3.4
Fighting       | |  3.0
Armour         | |  1.7
Dodging        | |  1.7

Action                   |  1- 3 |  4- 6 || total
-------------------------+-------+-------++-------
Melee: Hand axe          |   107 |    80 ||   187
       Touch             |     5 |    15 ||    20
       War axe           |       |    12 ||    12
Throw: Dart              |       |     2 ||     2
Invok: Berserk           |     2 |     5 ||     7
Evoke: Wand              |       |    12 ||    12
  Use: Potion            |       |     5 ||     5
Armor: Animal skin       |    13 |       ||    13
       Ring mail         |    15 |    27 ||    42
       Skin              |       |    18 ||    18
Dodge: Dodged            |    59 |    61 ||   120
Block: Other             |    11 |    30 ||    41
       Reflection        |       |     1 ||     1

Table legend: (Time is in decaauts)
 A = Elapsed time spent in this place.
 B = Non-inter-level travel time spent in this place.
 C = Inter-level travel time spent in this place.
 D = Time resting spent in this place.
 E = Time spent auto-exploring this place.
 F = Levels seen in this place.
 G = Mean time per level.
                   A        B        C        D        E       F      G
               +--------+--------+--------+--------+--------+-----+--------+
         Total |   4661 |   4468 |    193 |   1472 |   2427 |   6 |  776.8 |
       Dungeon |   4241 |   4048 |    193 |   1065 |   2427 |   5 |  848.2 |
        Temple |    419 |    419 |      0 |    406 |      0 |   1 |  419.0 |
               +--------+--------+--------+--------+--------+-----+--------+

Top non-repeatable levels by time:
     D:1: 1491 daAuts
     D:4: 1146 daAuts
     D:2: 964 daAuts
     D:3: 518 daAuts
  Temple: 419 daAuts
     D:5: 120 daAuts
